 Dungeon Sprint DCSS version 0.31-a0-145-g046c7d2549 (webtiles) character file.

Game seed: 12269038913070126546

217 rocky1 the Shield-Bearer (level 5, -6/50 HPs)
             Began as a Minotaur Fighter on June 6, 2023.
             Was a Follower of Okawaru.
             Mangled by Prince Ribbit (12 damage)
             ... in the Dungeon (Sprint VII: "The Pits").
             The game lasted 00:01:46 (486 turns).

rocky1 the Shield-Bearer (Minotaur Fighter)          Turns: 486, Time: 00:01:46

Health: -6/50      AC: 13    Str: 22    XL:     5   Next: 61%
Magic:  5/6        EV:  9    Int:  5    God:    Okawaru [*.....]
Gold:   0          SH:  5    Dex: 10    Spells: 4/4 levels left

rFire   . . .        m - +1 hand axe (heavy)
rCold   . . .        c - +0 buckler
rNeg    . . .        n - +3 chain mail {rPois}
rPois   +            (helmet restricted)
rElec   .            (no cloak)
rCorr   .            (no gloves)
SInv    .            (no boots)
Will    .....        (no amulet) Stlth
                     (no ring)
HPRegen 0.28/turn    (no ring)
MPRegen 0.10/turn

%: no teleportation
@: no status effects
A: horns 2, retaliatory headbutt
a: Renounce Religion, Heroism


You were in the Dungeon.
You worshipped Okawaru.
Okawaru was aware of your devotion.
You visited 1 branch

Inventory:

Hand Weapons
 a - a +0 war axe
 m - a +1 heavy hand axe (weapon)
Armour
 b - a +0 scale mail
 c - a +0 buckler (worn)
 n - a +3 chain mail of poison resistance (worn)
Scrolls
 j - a scroll of blinking
 l - 5 scrolls of amnesia
Potions
 d - a potion of might
 e - 6 potions of curing
 f - 4 potions of heal wounds
 g - a potion of haste
 h - 4 potions of magic
 i - 3 potions of berserk rage
 k - a potion of invisibility


   Skills:
 + Level 6.2 Fighting
 * Level 7.4 Axes
 + Level 6.2 Armour
 + Level 4.1 Dodging
 * Level 7.9 Shields
 + Level 3.6 Invocations


You had 4 spell levels left.
You didn't know any spells.
Your spell library was empty.

Dungeon Overview and Level Annotations

Branches:
Dungeon (1/1)

Altars:
Ashenzari
Cheibriados
Dithmenos
Elyvilon
Fedhas
Gozag
Hepliaklqana
Kikubaaqudgha
Makhleb
Nemelex Xobeh
Okawaru
Qazlal
Ru
Sif Muna
Trog
Uskayaw
Vehumet
Wu Jian
Xom
Yredelemnul
Zin
The Shining One
Jiyva
Lugonu

Annotations:
D Prince Ribbit


Innate Abilities, Weirdness & Mutations

You have a pair of horns on your head.
You reflexively headbutt those who attack you in melee.


Message History

You block Prince Ribbit's attack.
You miss Prince Ribbit. Prince Ribbit barely misses you.
You block Prince Ribbit's attack.
You miss Prince Ribbit.
Prince Ribbit hits you but does no damage.
You hit Prince Ribbit.
Prince Ribbit is lightly wounded.
You block Prince Ribbit's attack.
Prince Ribbit blinks!
Prince Ribbit hops awkwardly around.
The orc misses you. You furiously retaliate!
You headbutt the orc.
Items here: )))) [ †.
You hit the orc.
The orc is severely wounded.
You hit Prince Ribbit.
Prince Ribbit hits you but does no damage.
You block the orc's attack.
You barely miss the orc. You headbutt the orc, but do no damage.
The orc is severely wounded.
You hit Prince Ribbit but do no damage.
Prince Ribbit blinks!
The orc hits you with a +0 flail.
You slice the orc!!
You kill the orc!
Okawaru accepts your kill.
Prince Ribbit blinks!
You are too injured to fight recklessly!
Prince Ribbit closely misses you. Prince Ribbit hits you!
* * * LOW HITPOINT WARNING * * *
Things that are here:
a +0 flail; an orc corpse You hit Prince Ribbit.
Your headbutt misses Prince Ribbit.
Prince Ribbit is moderately wounded.
You feel like a meek peon again. Prince Ribbit barely misses you.
You furiously retaliate!
You headbutt Prince Ribbit. You closely miss Prince Ribbit.
Prince Ribbit is moderately wounded.
Prince Ribbit hits you!
* * * LOW HITPOINT WARNING * * *
Prince Ribbit hits you!
You die...

#.##'#.))).##...<.
#.#........##.....
#.#........##.....
#'###########.....
#)......# ######
#)###...# #)#
....# #)#...#
#@....# #.F.###
#...... ########


You could see Prince Ribbit.

Vanquished Creatures
  A gnoll sergeant (D)
  A quasit (D)
  An orc priest (D)
  An orc wizard (D)
  5 gnolls (D)
  An adder (D)
  4 orcs (D)
  A goblin (D)
  A hobgoblin (D)
  2 bats (D)
  A frilled lizard (D)
  A rat (D)
20 creatures vanquished.

Notes
Turn   | Place    | Note
-------+----------+-------------------------------------------
     0 | D        | rocky1 the Minotaur Fighter began the quest for the Orb.
     0 | D        | Reached XP level 1. HP: 19/19 MP: 0/0
    23 | D        | Found a bloodstained altar of Trog.
    23 | D        | Found a shimmering blue altar of Sif Muna.
    23 | D        | Found a viscous altar of Jiyva.
    23 | D        | Found a hazy altar of Hepliaklqana.
    23 | D        | Found an opulent altar of Gozag.
    24 | D        | Found a glowing golden altar of the Shining One.
    24 | D        | Found a glowing silver altar of Zin.
    24 | D        | Found a basalt altar of Yredelemnul.
    24 | D        | Found a shimmering altar of Xom.
    24 | D        | Found an ornate altar of the Wu Jian Council.
    24 | D        | Found a sacrificial altar of Ru.
    24 | D        | Found a stormy altar of Qazlal.
    24 | D        | Found an iron altar of Okawaru.
    24 | D        | Found a sparkling altar of Nemelex Xobeh.
    24 | D        | Found a burning altar of Makhleb.
    24 | D        | Found a blossoming altar of Fedhas.
    24 | D        | Found a white marble altar of Elyvilon.
    24 | D        | Found a shadowy altar of Dithmenos.
    24 | D        | Found a snail-covered altar of Cheibriados.
    26 | D        | Found a radiant altar of Vehumet.
    26 | D        | Found a corrupted altar of Lugonu.
    27 | D        | Found a hide-covered altar of Uskayaw.
    27 | D        | Found an ancient bone altar of Kikubaaqudgha.
    27 | D        | Found a broken altar of Ashenzari.
    32 | D        | Became a worshipper of Warmaster Okawaru
    77 | D        | Reached skill level 1 in Dodging
    77 | D        | Reached XP level 2. HP: 17/27 MP: 1/1
    81 | D        | Reached skill level 1 in Invocations
   286 | D        | Reached skill level 5 in Shields
   435 | D        | Noticed Prince Ribbit
   438 | D        | Noticed a gnoll sergeant
   443 | D        | Reached skill level 5 in Axes
   443 | D        | Reached XP level 3. HP: 35/35 MP: 3/3
   457 | D        | Reached skill level 5 in Fighting
   457 | D        | Reached XP level 4. HP: 34/42 MP: 4/4
   460 | D        | Reached skill level 5 in Armour
   460 | D        | Killed a gnoll sergeant
   460 | D        | Reached * piety under Okawaru
   461 | D        | Reached XP level 5. HP: 26/50 MP: 4/6
   486 | D        | Mangled by Prince Ribbit

Illustrated notes

Levels and vault maps discovered:
D:        pitsprint [storerooms_1, entrance_room_1, metal_vault_3, armoury_1,
          mini_pit_1, grid_room_1, main_hall_1, silver_pit, the_coven_1,
          the_vestibule_1, steel_vault_2, golden_pit, hallway_of_sentries,
          crystal_vault_4, iron_vault_2, final_vault]

Skill      XL: |  1  2  3  4  5 |
---------------+----------------+-----
Axes           | 3 5 6 7 |  7.4
Shields        | 4 5 7 |  7.9
Fighting       | 4 5 6 |  6.2
Armour         | 4 5 6 |  6.2
Dodging        | 1 2 3 4 |  4.1
Invocations    | 2 3 |  3.6

Action                     |  1- 3 |  4- 6 || total
---------------------------+-------+-------++-------
  Melee: War axe           |    25 |       ||    25
         Headbutt          |     5 |     4 ||     9
         Hand axe          |    16 |    26 ||    42
 Invoke: Heroism           |       |     1 ||     1
    Use: Potion            |     3 |       ||     3
   Stab: Invisible         |     2 |     2 ||     4
 Armour: Scale mail        |    19 |       ||    19
         Chain mail        |    22 |    18 ||    40
  Dodge: Dodged            |    35 |    15 ||    50
  Block: Buckler           |    25 |    12 ||    37

Table legend: (Time is in decaauts)
 A = Elapsed time spent in this place.
 B = Non-inter-level travel time spent in this place.
 C = Inter-level travel time spent in this place.
 D = Time resting spent in this place.
 E = Time spent auto-exploring this place.
 F = Levels seen in this place.
 G = Mean time per level.
                   A        B        C        D        E       F      G
               +--------+--------+--------+--------+--------+-----+--------+
         Total |    509 |    488 |     21 |    279 |      0 |   1 |  509.0 |
       Dungeon |    509 |    488 |     21 |    279 |      0 |   1 |  509.0 |
               +--------+--------+--------+--------+--------+-----+--------+

Top non-repeatable levels by time:
       D: 509 daAuts
